cohdb
Replays
Latest Replays
All Replays
Popular Replays
Top Player Replays
Match Explorer
How It Works
Community
CoH3 Stats
Reddit
Sign in to upload your games and track your stats! →
Sign in with Steam
Match 40549850
Unlisted
Match 40549850
Overview
Messages
Build Orders
End
Engineer Squad
Selects Armored Battlegroup
Selects Veteran Crews
Construct Barracks
1⁄4-ton 4x4 Truck
Riflemen Squad
1⁄4-ton 4x4 Truck
1⁄4-ton 4x4 Truck
.30 cal Machine Gun
Mechanized Support Center
1⁄4-ton 4x4 Truck
Construct Motor Pool
Selects M31 Recovery Vehicle
.30 cal Machine Gun
Selects War Machine
M24 Chaffee Light Tank
M8 Greyhound Armored Car
M24 Chaffee Light Tank
Grenade Package
M3 75 mm Gun Motor Carriage
Selects Strength in Steel
Riflemen Squad
M1 Mortar Team
Riflemen Squad
Improvised Armor
Selects Seek and Destroy
Construct Tank Depot
M1 Anti-tank Gun Team
M1 Anti-tank Gun Team
fris85
K9
UH|dun! ツ
UH|ck
0
0
Comments
sign in to comment!
No comments posted yet!